 Dungeon Crawl Stone Soup version 0.22-a0-469-gf26638a (webtiles) character file.

33 Mamutox the Sneak (level 3, -5/16 HPs)
             Began as a Spriggan Enchanter on June 11, 2018.
             Slain by a worm (10 damage)
             ... on level 2 of the Dungeon.
             The game lasted 00:17:03 (2814 turns).

Mamutox the Sneak (Spriggan Enchanter)              Turns: 2814, Time: 00:17:04

Health: -5/16      AC:  2    Str:  4    XL:     3   Next: 12%
Magic:  6/8        EV: 19    Int: 16    God:
Gold:   54         SH:  0    Dex: 17    Spells: 3/7 levels left

rFire    . . .     SeeInvis +   a - +1 dagger
rCold    . . .     Gourm    .   (shield restricted)
rNeg     . . .     Faith    .   b - +0 robe
rPois    .         Spirit   .   (helmet restricted)
rElec    .         Reflect  .   (no cloak)
rCorr    .         Harm     .   (gloves unavailable)
MR       .....                  (boots unavailable)
Stlth    +++.......             (no amulet)
HPRegen  0.05/turn              (no ring)
MPRegen  0.11/turn              (no ring)

@: very quick
A: very small, unfitting armour, see invisible, herbivore, speed 3, slow
metabolism 2
a: no special abilities


You were on level 2 of the Dungeon.
You were not hungry.

You visited 1 branch of the dungeon, and saw 2 of its levels.

You collected 54 gold pieces.

Inventory:

Hand Weapons
 a - a +1 dagger (weapon)
Missiles
 c - 20 sling bullets
 f - 61 stones (quivered)
Armour
 b - a +0 robe (worn)
Jewellery
 i - an uncursed amulet of harm {unknown}
Scrolls
 h - a scroll of teleportation {unknown}
 j - a scroll of magic mapping {unknown}
 k - a scroll of enchant armour {unknown}
 l - a scroll of identify {unknown}
Potions
 e - a potion of flight {unknown}
 g - a potion of berserk rage {unknown}
 m - a potion of magic {unknown}
Comestibles
 d - 3 rations


   Skills:
 + Level 0.0 Fighting
 + Level 1.1 Short Blades
 + Level 3.4 Dodging
 + Level 5.2 Stealth
 + Level 2.9 Spellcasting
 + Level 4.3 Hexes


You had 3 spell levels left.
You knew the following spells:

 Your Spells              Type           Power        Failure   Level  Hunger
a - Corona                Hex            ###....      3%          1    #......
b - Confuse               Hex            ###.....     10%         3    ###....

Your spell library contained the following spells:

 Spells                   Type           Power        Failure   Level  Hunger
 Tukima's Dance           Hex            ###.....     10%         3    ###....
 Ensorcelled Hibernation  Hex/Ice        #.....       12%         2    ##.....
 Dazzling Spray           Conj/Hex       #.....       24%         3    ###....


Dungeon Overview and Level Annotations

Branches:
Dungeon (2/15)

Altars:


Innate Abilities, Weirdness & Mutations

You are very small and have problems with some larger weapons.
You are too small for most types of armour.
You have supernaturally acute eyesight. (SInv)
You are a herbivore.
You cover ground extremely quickly.
You need to consume almost no food.


Message History

You catch the helpless worm completely off-guard!
You puncture the worm!
The worm is almost dead.
You barely miss the worm.
The worm is almost dead.
The worm bites you!
Ouch! That really hurt!
The worm seems less confused.
You barely miss the worm.
The worm is severely wounded.
You barely miss the worm.
The worm is severely wounded.
The worm bites you but does no damage.
You hit the worm.
The worm is severely wounded.
You hit the worm.
The worm is severely wounded.
The worm bites you!
Ouch! That really hurt!
You die...

#....#########...#.##....#.#.#..
#....# #...#..............
#....# #...###............
###### #...# #.........##. #...#
#......#..... #...#
#......##.... #####
#......##w.#.
################......>..
#.......@w.............#.
#.##############..##...#. #.#
#..##...#. #.# #.###.#### #<#
### #.# ### #.# #.# #.# #.#


You could see a worm.

Vanquished Creatures
  An ooze (D:1)
  3 leopard geckos
  A giant cockroach (D:2)
  2 goblins (D:1)
  2 hobgoblins (D:1)
  5 bats
  2 frilled lizards (D:2)
  4 kobolds
  5 rats
25 creatures vanquished.

Notes
Turn   | Place    | Note
-------+----------+-------------------------------------------
     0 | D:1      | Mamutox the Spriggan Enchanter began the quest for the Orb.
     0 | D:1      | Reached XP level 1. HP: 9/9 MP: 5/5
   281 | D:1      | Reached XP level 2. HP: 9/13 MP: 3/6
   544 | D:1      | Reached skill level 5 in Stealth
  1311 | D:2      | Reached XP level 3. HP: 11/16 MP: 4/8
  2781 | D:1      | Learned a level 3 spell: Confuse
  2814 | D:2      | Slain by a worm

Vault maps used:
D:1:      onia_arrival_mini_spirals, minmay_tetromino_l2
D:2:      kb_forest_paths, cheibriados_altar_1

Skill      XL: |  1  2 |
---------------+-------+-----
Hexes          | 4 |  4.3
Stealth        | 5 |  5.2
Short Blades   | |  1.1
Dodging        | |  3.4
Spellcasting   | |  2.9

Action                   || total
-------------------------++-------
Melee: Dagger            ||   155
 Cast: Corona            ||    22
       Confuse           ||     1
 Stab: Sleeping          ||     8
       Confused          ||     1
Armor: Robe              ||    23
Dodge: Dodged            ||   140

Table legend:
 A = Spawn XP
 B = Non-spawn XP
 C = Spawn XP percentage of total XP
 D = Spawn monster count
 E = Non-spawn monster count
 F = Spawn count percentage of total count
 G = Total turns spent on level
                    A         B        C        D         E        F      G
               +---------+---------+-------+---------+---------+-------+---------
         Total |       0 |      48 |   0.0 |       0 |      25 |   0.0 |  2814
               +---------+---------+-------+---------+---------+-------+---------
           D:1 |       0 |      30 |   0.0 |       0 |      15 |   0.0 |  1084
           D:2 |       0 |      18 |   0.0 |       0 |      10 |   0.0 |  1730
               +---------+---------+-------+---------+---------+-------+---------
